 Dungeon Sprint DCSS version 0.24.0-37-gcf1ca852f1 (webtiles) character file.

Game seed: 17221182875508885006, levelgen mode: deterministic

448 Cryoshakespeare the Impaler (level 7, -5/52 HPs)
             Began as a Merfolk Monk on Nov 22, 2019.
             Was a Believer of Yredelemnul.
             Slain by a slime creature (16 damage)
             ... in the Dungeon (Sprint I: "Red Sonja").
             The game lasted 00:01:58 (693 turns).

Cryoshakespeare the Impaler (Merfolk Monk)           Turns: 693, Time: 00:01:58

Health: -5/52      AC:  2    Str: 11    XL:     7   Next: 4%
Magic:  7/7        EV: 14    Int: 10    God:    Yredelemnul [**....]
Gold:   297        SH:  0    Dex: 18    Spells: 6/6 levels left

rFire    . . .     SeeInvis .   a - +0 spear
rCold    . . .     Gourm    .   (no shield)
rNeg     . . .     Faith    .   b - +0 robe
rPois    .         Spirit   .   (no helmet)
rElec    .         Reflect  .   (no cloak)
rCorr    .         Harm     .   (no gloves)
MR       .....     NoTele   +   (no boots)
Stlth    ++........             (no amulet)
HPRegen  0.17/turn              (no ring)
MPRegen  0.10/turn              (no ring)

@: hasted, very quick
A: change form in water, swift swim, stealthy swim
a: Animate Remains, Recall Undead Slaves, Injury Mirror, Renounce Religion


You were in the Dungeon.
You worshipped Yredelemnul.
Yredelemnul was pleased with you.
You were not hungry.

You visited 1 branch You collected 297 gold pieces.

Inventory:

Hand Weapons
 a - a +0 spear (weapon)
Armour
 b - a +0 robe (worn)
Wands
 h - a wand of random effects (10)
Scrolls
 i - a scroll of blinking
 k - 3 scrolls of identify {unknown}
Potions
 g - 2 potions of magic
Comestibles
 c - a ration


   Skills:
 - Level 3.2 Fighting
 + Level 19.0 Polearms
 - Level 4.0 Dodging
 - Level 2.1 Stealth


You had 6 spell levels left.
You didn't know any spells.
Your spell library was empty.

Dungeon Overview and Level Annotations

Branches:
Dungeon (1/1)

Altars:
Cheibriados
Dithmenos
Elyvilon
Fedhas
Gozag
Hepliaklqana
Kikubaaqudgha
Makhleb
Nemelex Xobeh
Okawaru
Qazlal
Ru
Sif Muna
Trog
Uskayaw
Vehumet
Wu Jian
Xom
Yredelemnul
Zin
The Shining One
Jiyva
Lugonu

Shops:
D }


Message History

You hit the slime creature.
The slime creature is severely wounded.
The slime creature hits you!
* * * LOW HITPOINT WARNING * * *
Okay, then.
You feel yourself speed up. The slime creature barely misses you.
You hit the slime creature.
The slime creature is severely wounded.
You hit the slime creature.
The slime creature is almost dead.
The slime creature closely misses you.
You barely miss the slime creature.
The slime creature is almost dead.
You hit the slime creature.
The slime creature is almost dead.
You hit the slime creature.
The slime creature is almost dead.
The slime creature hits you!
You die...
Your body rises from the dead as a mindless zombie.

################ ##
#<.#..').#.)'..#__#
#..)..#..'..#.@J..+
#..#####'#####'#__#
#..####..#...#.# ##
#..#__####..##.#
#..#_____##'#_.+
#⌠⌠#_.∩...'..._#
####_..__##_.#+#
#_____###+# #######


You could see a slime creature.

Vanquished Creatures
  Sigmund (D)
  A yak (D)
  An ogre (D)
  A jelly (D)
  Ijyb (D)
5 creatures vanquished.

Notes
Turn   | Place    | Note
-------+----------+-------------------------------------------
     0 | D        | Cryoshakespeare the Merfolk Monk began the quest for the
                  | Orb.
     0 | D        | Reached XP level 1. HP: 18/18 MP: 1/1
     1 | D        | Noticed Ijyb
    18 | D        | Killed Ijyb
    18 | D        | Reached skill level 9 in Polearms
    18 | D        | Reached XP level 2. HP: 17/24 MP: 2/2
    18 | D        | Reached XP level 3. HP: 20/29 MP: 3/3
   180 | D        | Noticed an ogre
   195 | D        | Killed an ogre
   195 | D        | Reached skill level 13 in Polearms
   195 | D        | Reached XP level 4. HP: 24/35 MP: 4/4
   304 | D        | Noticed Sigmund
   319 | D        | Killed Sigmund
   319 | D        | Reached skill level 16 in Polearms
   319 | D        | Reached XP level 5. HP: 37/41 MP: 5/5
   319 | D        | Reached XP level 6. HP: 42/47 MP: 6/6
   358 | D        | Found an ornate altar of the Wu Jian Council.
   358 | D        | Found a shimmering blue altar of Sif Muna.
   360 | D        | Found a radiant altar of Vehumet.
   365 | D        | Reached skill level 17 in Polearms
   374 | D        | Found Qary's Gadget Emporium.
   374 | D        | Found an ancient bone altar of Kikubaaqudgha.
   374 | D        | Found a hazy altar of Hepliaklqana.
   374 | D        | Found a stormy altar of Qazlal.
   374 | D        | Found a hide-covered altar of Uskayaw.
   374 | D        | Found a blossoming altar of Fedhas.
   374 | D        | Found a bloodstained altar of Trog.
   374 | D        | Found an iron altar of Okawaru.
   374 | D        | Found a basalt altar of Yredelemnul.
   374 | D        | Found a glowing golden altar of the Shining One.
   374 | D        | Found a snail-covered altar of Cheibriados.
   374 | D        | Found a sacrificial altar of Ru.
   374 | D        | Found a glowing silver altar of Zin.
   374 | D        | Found a shadowy altar of Dithmenos.
   374 | D        | Found a white marble altar of Elyvilon.
   374 | D        | Noticed a yak
   394 | D        | Killed a yak
   394 | D        | Reached skill level 19 in Polearms
   394 | D        | Reached XP level 7. HP: 13/52 MP: 7/7
   395 | D        | Found an opulent altar of Gozag.
   396 | D        | Found a sparkling altar of Nemelex Xobeh.
   623 | D        | Became a worshipper of Yredelemnul the Dark
   623 | D        | Reached * piety under Yredelemnul
   623 | D        | Reached ** piety under Yredelemnul
   673 | D        | Found a burning altar of Makhleb.
   673 | D        | Found a viscous altar of Jiyva.
   673 | D        | Found a shimmering altar of Xom.
   673 | D        | Found a corrupted altar of Lugonu.
   673 | D        | Noticed a slime creature
   693 | D        | Slain by a slime creature

Levels and vault maps discovered:
D:        dungeon_sprint_1 [red_sonja_temple_1, red_sonja_temple_small_1]

Skill      XL: |  1  2  3  4  5  6 |
---------------+-------------------+-----
Polearms       | 9 13 16 19 | 19.0
Fighting       | |  3.2
Dodging        | |  4.0
Stealth        | |  2.1

Action                   |  1- 3 |  4- 6 |  7- 9 || total
-------------------------+-------+-------+-------++-------
Melee: Spear             |    30 |    35 |    19 ||    84
  Use: Potion            |     1 |     2 |     1 ||     4
 Stab: Sleeping          |     1 |     2 |       ||     3
Armor: Robe              |     1 |       |       ||     1
Dodge: Dodged            |    10 |    10 |     5 ||    25
